[Event "SixDays Budapest GM-A 10-2024"]
[Site "Budapest"]
[Date "2024.10.03"]
[Round "6.1"]
[White "Panda Sambit"]
[Black "Coenen, Michael"]
[Result "1-0"]
[ECO "D86"]
[WhiteElo "2367"]
[BlackElo "2339"]
[Annotator "TA"]
[PlyCount "97"]
[EventDate "2024.09.24"]
[EventType "tourn"]
[EventCountry "HUN"]
[SourceTitle "playchess.com"]
[Source "ChessBase"]
[SourceQuality "1"]
[TimeControl "5400+30"]

1. d4 Nf6 2. c4 g6 3. Nc3 d5 4. cxd5 Nxd5 5. e4 Nxc3 6. bxc3 Bg7 7. Bc4 c5 8. Ne2 O-O 9. O-O Nc6 10. Be3 b6 11. Rc1 Bb7 12. Bb5 e6 13. dxc5 {[%emt 0:20:49] The position is equal.} Qc7 14. Qd6 {[%emt 0:07:38] Wards off Ne5} Qxd6 15. cxd6 Rfd8 16. Rfd1 Ne5 17. Ng3 (17. c4 $14) 17... Ng4 $11 18. Bf4 e5 19. Bg5 f6 $1 20. f3 fxg5 21. Bc4+ Kh8 $1 22. fxg4 Rac8 $1 23. Bb3 Bf8 {[%emt 0:03:14][%mdl 1024] Black has compensation.} 24. d7 Rc7 (24... Bc5+ 25. Kf1 Ba6+ 26. Ke1) 25. Be6 Ba6 (25... Bc6 $6 26. Rd5 $11) 26. c4 Rc6 27. Bd5 Bc5+ 28. Kh1 Rd6 29. Ne2 R6xd7 30. Ng1 h6 31. Nf3 Re7 32. Rc3 Kg7 33. h3 Bc8 34. Rcd3 h5 ({Black should try} 34... Rf8 $15) 35. gxh5 ({Don't play} 35. Nxg5 Kf6 (35... hxg4 36. h4 $17) 36. h4 Bxg4 37. Rf1+ Kg7 $15) 35... Rh8 36. Nxg5 {[%emt 0:01:37] hxg6 would now be deadly.} Rxh5 37. Nf3 (37. Rg3 {is more complex.} Bf2 38. Rf3 Bg4 39. Ne6+) 37... g5 38. Nh2 Rh4 {[%emt 0:10:23] [#]} 39. g4 $1 Bd7 40. Rf1 Rh8 41. Kg2 Rc8 42. Rdf3 {[%emt 0:00:22] White is more active. Black is weak on the light squares} Be8 {[%emt 0:00:06] Prevents Rf7+. Loses the game.} (42... Be6 $16 {was necessary.} 43. Rd3 (43. Bxe6 Rxe6 44. Rf7+ Kg8 $14) 43... Bb4) 43. Rf8 $18 {[%emt 0:00:50] [#] And now Rg8+ would win.} Rcc7 $2 (43... Kh7 44. Nf3 Rg7) 44. Rg8+ {[%emt 0:00:09] White is clearly winning.} Kh6 45. Rf6+ Kh7 46. Nf3 ({Don't do} 46. Rxg5 Rg7) 46... Be3 47. Nxg5+ Bxg5 48. Rxg5 Rg7 {[%emt 0:01:01] Prevents Bg8+} 49. Rxe5 {[%emt 0:00:11] Weighted Error Value: White=0.06 (flawless) /Black=0.26 (precise) .  Mistake:       	White=1     	Black=3      Inaccurate:     	White=1     	Black=7      OK:         	White=19    	Black=13     Best:        	White=4     	Black=1      Strong:       	White=1     	Black=3} 1-0

[Event "SixDays Budapest GM-A 10-2024"]
[Site "Budapest"]
[Date "2024.10.03"]
[Round "6.2"]
[White "Manon, Reja Neer"]
[Black "Jablonicky, Martin"]
[Result "1-0"]
[ECO "C45"]
[WhiteElo "2417"]
[BlackElo "2421"]
[Annotator "TA"]
[PlyCount "99"]
[EventDate "2024.09.24"]
[EventType "tourn"]
[EventCountry "HUN"]
[SourceTitle "playchess.com"]
[Source "ChessBase"]
[SourceQuality "1"]
[TimeControl "5400+30"]

1. e4 e5 2. Nf3 Nc6 3. d4 exd4 4. Nxd4 Nf6 5. Nxc6 bxc6 6. e5 Qe7 7. Qe2 Nd5 8. c4 Ba6 9. b3 g6 10. f4 Bg7 11. Qf2 Nb6 (11... Nb4 12. a3 Bxe5 13. fxe5 Qxe5+ 14. Qe2 Nc2+ 15. Kf2 Qxe2+ 16. Bxe2 Nxa1 17. Bb2 $18) 12. Ba3 Qe6 {[%emt 0:07:55] [#]} (12... d6 $14) 13. c5 $1 $16 Bxf1 {[%emt 0:03:49] White is better.} 14. cxb6 Ba6 {[%emt 0:00:05] Black is weak on the dark squares} (14... axb6 $16 15. Rxf1 f6) 15. bxc7 $18 (15. b7 Bxb7 16. O-O d6 $15) 15... f6 ({Not} 15... Bxe5 $2 16. fxe5 d5 17. Nc3 $18) (15... d5 $142) 16. Nc3 d5 17. O-O-O fxe5 18. fxe5 Bf8 {[%emt 0:00:14] [#]} (18... Rf8 $142 19. Bxf8 Bxf8) 19. Bd6 $1 Bxd6 20. exd6 {[%emt 0:00:05] Threatening mate with Rhe1.} Rf8 21. Rhe1 $2 (21. c8=R+ $18 Bxc8 22. Qc5) 21... Rxf2 $14 22. Rxe6+ Kd7 23. Rde1 $40 {[%emt 0:00:09][%mdl 128] Strongly threatening Na4. White attacks. Chess con chili.} Rf1 $1 24. Rxf1 Kxe6 {[%emt 0:00:06][%mdl 4096] Endgame. [#] KRB-KRN} 25. d7 $1 Kxd7 26. Rf7+ Kd6 27. Rxh7 {[%emt 0:00:02] White is more active.} Rc8 28. Rg7 (28. Rh6 $5) 28... Bd3 $1 29. Kd2 Bf5 30. Na4 Ke5 (30... Rxc7 $14 31. Rxc7 Kxc7) 31. h3 ({Only move:} 31. Nc5 $16) 31... Kf6 $11 32. Rh7 {[%emt 0:01:49] g4 would now be deadly.} g5 $1 33. Rh6+ Bg6 34. h4 $1 gxh4 35. Rxh4 Kg5 36. Rb4 Rxc7 37. Nc5 {[%emt 0:00:05] aiming for Ne6+.} Rh7 38. Ra4 Rh2 39. Rxa7 Rxg2+ 40. Kc3 {[%emt 0:00:30] Black must now prevent a4.} Kf4 41. a4 Rc2+ 42. Kb4 {[%emt 0:00:28] And now a5 would win.} Ke3 ({Better is} 42... d4 $14) 43. Re7+ $16 Be4 $2 {[%emt 0:04:26][%mdl 8192] This move loses the game for Black.} (43... Kd4 $16 {is tougher.} 44. Ne6+ Ke5 45. Nf8+ Kf6 46. Nxg6 Kxg6) 44. a5 $18 {[%emt 0:00:18] Threatens to win with a6.} Kd4 45. a6 {[%emt 0:00:21] a7 is the strong threat.} Ra2 $2 (45... Rxc5 46. a7 Rb5+ 47. Ka4 Bc2) 46. a7 Bd3 47. Na4 {[%emt 0:00:20] White mates.} Bf1 48. a8=Q c5+ 49. Ka5 Rxa4+ 50. bxa4 {[%emt 0:00:06] Weighted Error Value: White=0.26 (precise) /Black=0.40.  Loses game:     	---       	Black=1      Missed win:     	White=1     	---        Mistake:       	White=1     	Black=7      Inaccurate:     	White=1     	Black=2      OK:         	White=19    	Black=8      Best:        	White=4     	Black=6      Strong:       	White=2     	Black=3      Brilliant:      	White=1     	---} 1-0

[Event "SixDays Budapest GM-A 10-2024"]
[Site "Budapest"]
[Date "2024.10.03"]
[Round "6.3"]
[White "Pasztor, Balazs"]
[Black "Berczes, David"]
[Result "1-0"]
[ECO "C64"]
[WhiteElo "2402"]
[BlackElo "2400"]
[Annotator "TA"]
[PlyCount "99"]
[EventDate "2024.09.24"]
[EventType "tourn"]
[EventCountry "HUN"]
[SourceTitle "playchess.com"]
[Source "ChessBase"]
[SourceQuality "1"]
[TimeControl "5400+30"]

1. e4 e5 2. Nf3 Nc6 3. Bb5 Bc5 4. c3 Nf6 5. d4 exd4 6. e5 Nd5 7. cxd4 Bb4+ 8. Nbd2 {[%emt 0:00:15] The position is equal.} O-O 9. O-O Be7 10. Re1 d6 11. a3 a6 12. Bxc6 bxc6 13. Qc2 {[%emt 0:01:18] Prevents Bf5.} Bd7 14. h3 Qc8 15. Nc4 f6 {[%emt 0:07:35] [#]} (15... Bf5 $11 16. Qd1 h6) 16. exd6 {[%emt 0:07:11] White is more active.} (16. Na5 $1 $16) 16... Bxd6 17. Bd2 Rb8 18. b4 Bf5 19. Qb3 Be6 20. Qd3 Bf5 21. Qf1 g5 22. Rac1 Kh8 23. h4 (23. Nxd6 {simplifies} cxd6 24. Qc4 Bd7 25. Nh2) 23... gxh4 24. Nxh4 {[%emt 0:00:34] Excellent horsemanship.} Rg8 25. Nxd6 cxd6 26. f3 {[%emt 0:00:08] Against Rg4} (26. g3 $14 {feels stronger.}) 26... Bd7 $11 27. Qd3 f5 28. Kf2 Qd8 29. Rh1 (29. Nxf5 Bxf5 30. Qxf5 Qh4+ 31. Kf1 Rbf8 $17 (31... Qxd4 32. Rcd1 $11) (31... Qh1+ 32. Ke2 $17)) 29... Qf6 30. g3 Rg7 (30... a5 $11) 31. Rh3 ({Better is} 31. Ng2 $1 $14) 31... f4 (31... a5 $5) 32. g4 Ne3 33. Rch1 (33. d5 $5 Nxd5 34. Ng2 $16) 33... Kg8 $1 34. Ng2 (34. Qxa6 $2 Qxd4 35. Bxe3 fxe3+ 36. Kg1 Bxg4 $19) 34... Bf5 35. Qc3 {[%emt 0:01:23][%cal Og2f4] aiming for Nxf4! Some like it hot} Bxg4 36. fxg4 Rxg4 37. Qb3+ (37. Bxe3 $2 {too greedy.} fxe3+ 38. Ke1 (38. Kxe3 Rxg2 39. Re1 Qe6+ 40. Kd3 Qxh3+ 41. Kc4 Rg3) 38... Qf2+ (38... Rxg2 39. Rxe3 a5 40. Qd3 $17) 39. Kd1 e2+ (39... Rxg2 40. Rxe3 a5 41. Rhe1 $15) (39... Qxg2 40. Qb3+ d5 41. Qxe3 $11) 40. Kc1 Rxg2 $19 (40... Qxg2 41. Rxh7 Qe4 42. Rh8+ Kf7 43. R8h7+ Kf6 44. R1h6+ Kg5 45. Rh5+ Kg6 46. R5h6+ Kg5 47. Rh5+ Kg6 48. R5h6+ Kg5 $11)) 37... d5 38. Ne1 (38. Bxe3 {leads to mate.} fxe3+ 39. Kxe3 Qxd4+ (39... Rxg2 40. Kd3 Qf2 41. Qd1 Qb2 42. Ke3 Re8+ 43. Kf4 Re4+ 44. Kf5) 40. Kf3 Qe4+ 41. Kf2 Rxg2+ 42. Kf1 Qe2#) 38... Qxd4 39. Bxe3 fxe3+ 40. Rxe3 {[%emt 0:00:10] Hoping for Qc3.} (40. Qxe3 $2 {perishes.} Rf8+ 41. Nf3 Rg2+ 42. Kxg2 Qxe3 $19) 40... Qd2+ 41. Re2 $1 Rf8+ 42. Nf3 Qf4 43. Rh3 {[%emt 0:00:51] Prevents Qg3+. Qe3 is the strong threat.} Qc1 (43... Rg6 $1 $11 44. Qd1 a5) 44. Rg3 $18 Qf4 (44... Rxg3 {was necessary.} 45. Kxg3 Qf4+ 46. Kg2 a5) 45. Rxg4+ Qxg4 46. Qe3 h5 {[%emt 0:00:56] [#]} 47. Re1 $1 {[%emt 0:00:43] And now Rg1 would win.} Qh4+ 48. Ke2 Qc4+ 49. Kd1 Rf4 $2 (49... Qf4 $18) 50. Qe8+ {[%emt 0:00:19] Weighted Error Value: White=0.10 (very precise) /Black=0.30.  Loses game:     	---       	Black=1      Mistake:       	White=3     	Black=5      Inaccurate:     	White=4     	Black=3      OK:         	White=15    	Black=17     Best:        	White=6     	---        Strong:       	White=2     	Black=1} 1-0

[Event "SixDays Budapest GM-A 10-2024"]
[Site "Budapest"]
[Date "2024.10.03"]
[Round "6.4"]
[White "Krishnan, Ritvik"]
[Black "Mayank Chakraborty"]
[Result "0-1"]
[ECO "E94"]
[WhiteElo "2206"]
[BlackElo "2431"]
[Annotator "TA"]
[PlyCount "110"]
[EventDate "2024.09.24"]
[EventType "tourn"]
[EventCountry "HUN"]
[SourceTitle "playchess.com"]
[Source "ChessBase"]
[SourceQuality "1"]
[TimeControl "5400+30"]

1. Nf3 Nf6 2. c4 g6 3. Nc3 Bg7 4. e4 d6 5. d4 O-O 6. Be2 e5 7. O-O Bg4 8. d5 a5 9. Be3 Na6 10. Nd2 Bd7 11. Rb1 h5 12. h3 Qe8 13. b3 Nh7 14. a3 f5 15. exf5 gxf5 16. Bxh5 Qe7 17. f3 Qh4 18. f4 exf4 19. Bf2 (19. Rxf4 Qe7 20. Nce4 b6 $11 (20... fxe4 $2 21. Rxe4 $19)) 19... Qg5 20. Rc1 Nc5 21. Be2 Rae8 (21... Nf6 $15) 22. Nf3 Qg6 23. Re1 (23. Nb5 $1 $11 {remains equal.}) 23... Nf6 (23... Ne4 $1 $17 24. Nb5 Nxf2 25. Kxf2 Re3 26. Nxc7 Bb2) 24. Bd4 $2 (24. b4 $15 Nce4 25. Bd4) 24... Nfe4 $19 25. Bf1 a4 26. Nxa4 Bxa4 27. bxa4 Ra8 ({Black should play} 27... Bxd4+ $17 28. Nxd4 Ng5) 28. Bxg7 (28. Bxc5 $11 {and White stays safe.} Nxc5 29. Rc2) 28... Kxg7 $19 29. Nd4 {[%emt 0:01:34] [#]} Rxa4 (29... Rh8 $1 $19 30. g4 fxg3 (30... Rxa4 $2 31. Nxf5+ Kf7 32. Rxe4 $18)) 30. Nb5 $2 (30. Ra1 $17) 30... c6 $19 31. dxc6 bxc6 32. Nd4 Rxa3 33. Nf3 Qf6 $2 (33... Rfa8 34. Qe2 Nd3 35. Qxd3 Rxd3 36. Bxd3 Qg3) 34. Rc2 (34. Ra1 {was worth a try.} Qxa1 35. Qxa1+ Rxa1 36. Rxa1) 34... Rfa8 35. Qc1 {[%emt 0:01:15] [#]} (35. Qd4 $142) 35... Re3 (35... Qg6 $1 $19 36. Be2 (36. Kh1 Qg3) 36... Re3) 36. Rxe3 $17 Ra1 $1 (36... fxe3 37. Qxe3 Ra6 38. Rc1 $11) 37. Qxa1 (37. Re1 {was called for.} Rxc1 38. Rexc1) 37... Qxa1 $19 38. Re1 Qa7 39. Kh2 Kf6 40. Rd1 Qa4 41. Rdc1 $2 (41. Rcc1) 41... Qb3 $19 42. Kg1 Nd7 (42... Qe3+ 43. Kh2 $17) 43. Kh2 Ne5 44. Be2 Ng3 45. Rc3 Qb4 46. Ng1 Qa5 47. R1c2 $2 (47. R3c2) 47... Ne4 $19 48. Rb3 Qe1 49. Kh1 Ng3+ (49... f3 $142 50. gxf3 Ng3+ 51. Kg2 Ng6) 50. Kh2 $19 Ne4 (50... f3 $142 51. Rxf3 Nxe2 (51... Nxf3+ $2 52. Nxf3 Qb1 53. Rd2 $19) 52. Rxe2 Nxf3+ 53. gxf3 Qc1) 51. Kh1 $1 $19 f3 52. gxf3 Qg3 (52... Ng3+ $142 53. Kg2 Ng6 54. Bd3 Nf4+ 55. Kh2 Qd1 56. Rb8 Qxd3 (56... Nxd3 $2 57. Rg2 $19) 57. Ra2 Qxc4 58. Rf2 Ngh5 59. Rf8+ Kg5 60. Re8 Qd4 61. Ra2 Kh4 62. Rc8 c5 63. Rc7 d5 64. Rh7 Qe5 65. Rxh5+ Nxh5+ 66. Kg2 d4 67. f4 Nxf4+ (67... Qxf4 68. Nf3+ $11) 68. Kf1 Qe4 (68... Nxh3 $2 {is the wrong capture.} 69. Nf3+ Kg4 70. Nxe5+ Kg5 71. Ke2 $18) 69. Rh2 Kg3 70. Rb2 d3 (70... Nxh3 71. Nxh3 c4 72. Rb8 Qf3+ 73. Ke1 Qc3+ 74. Kd1 d3 75. Rg8+ Kh2 76. Nf4 Qc2+ 77. Ke1 d2+ 78. Kf2 d1=Q+ 79. Ke3 Qcd2#) (70... c4 {is a self mate.} 71. h4 c3 72. Re2 Qd3 73. h5 c2 74. Nf3 Qxe2+ 75. Kg1 Qg2#) 71. Rf2 d2 (71... Nxh3 72. Rf3+ Kg4 73. Rxd3 Qxd3+ 74. Ke1 Nxg1 75. Kf2 Nf3 76. Kg2 Qe2+ 77. Kh1 Qh2#) 72. Rf3+ Qxf3+ 73. Nxf3 d1=Q+ (73... d1=B $2 74. Nd2 $19) 74. Ne1 Qe2+ 75. Kg1 Qxe1#) 53. Bf1 Nf2+ 54. Rxf2 Qxf2 55. Bg2 Nxc4 0-1

[Event "SixDays Budapest GM-A 10-2024"]
[Site "Budapest"]
[Date "2024.10.03"]
[Round "6.5"]
[White "Plat, Vojtech"]
[Black "Neverov, Valeriy"]
[Result "1/2-1/2"]
[ECO "B83"]
[WhiteElo "2483"]
[BlackElo "2412"]
[Annotator "TA"]
[PlyCount "179"]
[EventDate "2024.09.24"]
[EventType "tourn"]
[EventCountry "HUN"]
[SourceTitle "playchess.com"]
[Source "ChessBase"]
[SourceQuality "1"]
[TimeControl "5400+30"]

1. e4 c5 2. Nf3 d6 3. Nc3 Nc6 4. d4 cxd4 5. Nxd4 Nf6 6. Be2 e6 7. Be3 Be7 8. O-O O-O 9. f4 Qc7 10. Kh1 Re8 11. Qe1 Nxd4 12. Bxd4 e5 13. fxe5 dxe5 {[%emt 0:00:12] White is slightly better.} 14. Qg3 Bd8 $1 15. Be3 {[%emt 0:00:35] [#] Threatens to win with Bh6.} Kh8 $1 16. Rad1 {[%emt 0:18:09] next Nb5 is good for White.} Be6 17. Bb5 Rf8 18. Ba4 Be7 19. Bb3 (19. Nd5 {is more complex.} Nxd5 20. exd5 Bxd5 21. Bh6) 19... Rad8 20. Rxd8 (20. Bxa7 $2 b6 21. Ra1 Qxa7 $19) 20... Rxd8 21. Nd5 (21. Bxa7 $2 {is the wrong capture.} b6 22. Nb5 Qc5 $19) 21... Nxd5 22. exd5 Bxd5 23. Bxd5 Rxd5 24. Qf3 (24. Rxf7 $5 Rd1+ $8 25. Bg1 $11) 24... Rd8 25. Qxf7 h6 {[%emt 0:00:15] Dodges Bg5. Hoping for ...Rf8.} 26. Qe6 (26. Bxa7 $2 {perishes.} Rf8 27. Qxf8+ Bxf8 28. Rxf8+ Kh7 $19) 26... Qd6 27. Qxd6 Rxd6 $11 {[%emt 0:00:06][%mdl 4096] Endgame. KRB-KRB} 28. Kg1 Bg5 29. Bxg5 hxg5 {[%emt 0:00:03] KR-KR} 30. h3 e4 31. Re1 Rd2 32. Rxe4 Rxc2 33. Rb4 b6 34. Kh2 Kh7 35. a4 Kg6 36. Kg3 Kf5 37. Kf3 g6 38. Rb5+ Kf6 39. b4 Rc4 40. a5 bxa5 41. bxa5 Ra4 42. Rc5 Ra3+ 43. Kg4 Ra4+ 44. Kg3 Ra3+ 45. Kh2 Ra2 46. Rc6+ Kf5 47. Ra6 g4 48. h4 Ra3 $1 49. Rxa7 Kf6 50. a6 Ke6 $2 (50... Ke5 $11) 51. Ra8 $18 {[%emt 0:02:34] a7 is the strong threat.} Kf6 (51... Kf7 $16) 52. a7 $11 Kg7 {[%emt 0:00:06] [#] Repels Rf8} 53. g3 $2 (53. Kg1 $1 $18) 53... Kh7 {[%emt 0:01:06] The position is equal.} 54. Kg2 Ra2+ 55. Kf1 Kg7 56. Ke1 Kh7 57. Kd1 Kg7 58. Kc1 Kh7 59. Kb1 Ra6 60. Kb2 Kg7 61. Kb3 Ra1 62. Kc4 Ra4+ 63. Kc5 {[%emt 0:00:19] Strongly threatening Kb6.} Ra1 64. Kd6 Ra2 65. Kd5 Ra4 66. Ke5 Kh7 67. Kf6 {[%emt 0:00:14] Black must now prevent Kg5.} Ra5 $1 68. Rb8 (68. Rc8 {simplifies} Rxa7 69. Kg5 Ra5+ 70. Kxg4 Ra4+ 71. Kh3) 68... Ra6+ 69. Kg5 Ra5+ 70. Kxg4 Rxa7 71. Rb6 Kg7 72. Rd6 Rb7 73. Kf4 Rb4+ 74. Ke5 Rb5+ 75. Rd5 Rxd5+ 76. Kxd5 {[%emt 0:00:03] KPP-KP} g5 $1 77. h5 (77. hxg5 $5 Kg6 $8 78. g4 $11) 77... g4 $1 78. Ke5 {[%emt 0:00:07] Threatening mate with Kf5.} Kh6 79. Kf4 Kxh5 {[%emt 0:00:02] KP-KP} 80. Kf5 Kh6 81. Kxg4 {[%emt 0:00:02] Kf5 would kill now. KP-K} Kg6 82. Kf4 {[%emt 0:00:12] Intending Kg4 and mate.} Kf6 83. g4 Kg6 84. g5 Kg7 85. Kf5 Kf7 86. g6+ Kg7 87. Kg5 Kg8 88. Kh6 Kh8 89. g7+ Kg8 90. Kg6 {Weighted Error Value: White=0.10 (very precise) /Black=0.08 (flawless) .  Loses game:     	---       	Black=1      Missed win:     	White=1     	---        Mistake:       	---       	Black=1      Inaccurate:     	White=2     	Black=1      OK:         	White=47    	Black=24     Best:        	White=1     	Black=11     Strong:       	---       	Black=6} 1/2-1/2